[Event "Live Chess"]
[Site "Chess.com"]
[Date "2023.05.21"]
[Round "-"]
[White "djw60"]
[Black "ExIsambard"]
[Result "1-0"]
[WhiteElo "2139"]
[BlackElo "1907"]
[TimeControl "300"]
[EndTime "1:45:24 PDT"]
[Termination "djw60 won by resignation"]

1. Nf3 d5 2. b3 Nf6 3. Bb2 c6 4. g3 Bg4 5. Bg2 e6 6. d3 Nbd7 7. Nbd2 Bd6 8. e4 dxe4 9. dxe4 Ne5 10. h3 Nxf3+ 11. Nxf3 Bxf3 12. Qxf3 e5 13. O-O-O Qc7 14. g4 a5 15. g5 Nd7 16. h4 a4 17. h5 axb3 18. axb3 O-O 19. h6 g6 20. Rxd6 Qxd6 21. Rd1 Qe6 22. Rxd7 Qxd7 23. Qf6 1-0

[Event "Live Chess"]
[Site "Chess.com"]
[Date "2023.05.21"]
[Round "-"]
[White "Ian-Morley"]
[Black "Long1968"]
[Result "1-0"]
[WhiteElo "1064"]
[BlackElo "982"]
[TimeControl "300"]
[EndTime "1:45:45 PDT"]
[Termination "Ian-Morley won on time"]

1. e4 e6 2. d4 d5 3. e5 c5 4. c3 Nc6 5. Nd2 cxd4 6. cxd4 Qb6 7. Qb3 Bb4 8. Nf3 Bxd2+ 9. Bxd2 Nxd4 10. Qxb6 Nxf3+ 11. gxf3 axb6 12. Bb5+ Bd7 13. Bxd7+ Kxd7 14. O-O Ne7 15. Rfc1 Nc6 16. b4 Ra4 17. b5 Nxe5 18.
Bc3 f6 19. Bxe5 fxe5 20. Rc3 Rc8 21. Rxc8 Kxc8 22. Rc1+ Rc4 23. Re1 e4 24. fxe4 Rxe4 25. Rxe4 dxe4 26. Kg2 Kd7 27. Kg3 Kd6 28. Kf4 Kd5 29.
Ke3 Kc5 30. Kxe4 Kxb5 31. Ke5 Ka4 32. Kxe6 b5 33. f4 b4 34. f5 Ka3 35. Kf7 Kxa2 36. Kxg7 b3 37. f6 b2 38. f7 b1=Q 39. f8=Q Qg1+ 40. Kxh7 Qxh2+ 41. Kg6 Qg2+ 42. Kh5 Qd5+ 43. Kg4 Qc4+ 44. Kg3 Qc3+ 45. Kg4 Qc4+ 46. Kg5 1-0

[Event "Live Chess"]
[Site "Chess.com"]
[Date "2023.05.21"]
[Round "-"]
[White "TheSmoulderingMaster"]
[Black "Shepherds_Pie"]
[Result "0-1"]
[WhiteElo "1693"]
[BlackElo "1926"]
[TimeControl "300"]
[EndTime "1:45:45 PDT"]
[Termination "Shepherds_Pie won by resignation"]

1. e4 e6 2. d4 d5 3. Nc3 Bb4 4. e5 c5 5. a3 Ba5 6. b4 cxd4 7. Nb5 Bc7 8. Bf4 Nc6 9. Nf3 Nge7 10. Nbxd4 Bd7 11.
Nb5 a6 12. Nd6+ Bxd6 13. exd6 Nf5 14. Bd3 Nfd4 15. Nxd4 Nxd4 16. O-O Qb6 17. Be3 e5 18. c3 O-O 19. cxd4 exd4 20. Bxd4 Qxd6 21. Qh5 f5 22.
Qg5 Rf7 23. Rfe1 h6 24. Qh5 Be8 25. Qf3 Rc8 26. Re5 Qg6 27. Rae1 Bd7 28. Re7 Rxe7 29. Rxe7 Rc1+ 30. Bf1 Bb5 31. Qxd5+ Kh7 32. h3 Rxf1+ 33. Kh2 Bc6 34. Rxg7+ Qxg7 35. Qxf5+ Qg6 36. Qd3 Qxd3 0-1

[Event "Live Chess"]
[Site "Chess.com"]
[Date "2023.05.21"]
[Round "-"]
[White "Ferrarifan27"]
[Black "JoeRoot66"]
[Result "1-0"]
[WhiteElo "2094"]
[BlackElo "1919"]
[TimeControl "300"]
[EndTime "1:45:59 PDT"]
[Termination "Ferrarifan27 won by resignation"]

1. e4 c6 2. d4 d5 3. e5 Bf5 4. h4 h5 5. Bg5 Qb6 6. Bd3 Qxd4 7. Nf3 Qg4 8. Be2 e6 9. Nd4 Qxg2 10.
Bf3 Qxh1+ 1-0

[Event "Live Chess"]
[Site "Chess.com"]
[Date "2023.05.21"]
[Round "-"]
[White "MaximKris"]
[Black "Pablo_dmp"]
[Result "0-1"]
[WhiteElo "1811"]
[BlackElo "1854"]
[TimeControl "300"]
[EndTime "1:46:09 PDT"]
[Termination "Pablo_dmp won by checkmate"]

1. e4 c5 2. Nf3 Nc6 3. Bb5 g6 4.
O-O Bg7 5. Bxc6 dxc6 6. c3 e5 7. Re1 Ne7 8. d3 O-O 9. Be3 b6 10. Qc2 Bg4 11. Nbd2 Qd6 12. h3 Be6 13. Rac1 Rad8 14.
d4 cxd4 15. cxd4 exd4 16. Bg5 f6 17. Bh4 c5 18. Nc4 Qf4 19. Bg3 Qh6 20. Bd6 Rfe8 21. Bxe7 Rxe7 22. e5 Bxc4 23. Qxc4+ Kh8 24. exf6 Rxe1+ 25.
Rxe1 Bxf6 26. Qe6 Qg7 27. Nd2 d3 28. Ne4 Bxb2 29. Ng5 Rf8 30. Rd1 Qd4 31. Nf7+ Kg7 32. Ng5 Qxf2+ 33. Kh1 d2 34. Qe7+ Kh6 35. Qxh7+ Kxg5 36.
h4+ Kf6 37. Qh6 Qe1+ 38. Kh2 Qxd1 39. Qxf8+ Ke6 40. Qe8+ Kd5 41. Qd8+ Kc4 42. Qg8+ Kb4 43. Qxg6 Be5+ 44. g3 Qe2+ 45. Kh3 d1=Q 46. Qe4+ Qxe4 47. h5 Qdh1# 0-1

[Event "Live Chess"]
[Site "Chess.com"]
[Date "2023.05.21"]
[Round "-"]
[White "MarkLim1"]
[Black "chessfiction"]
[Result "0-1"]
[WhiteElo "1726"]
[BlackElo "2330"]
[TimeControl "300"]
[EndTime "1:46:17 PDT"]
[Termination "chessfiction won by resignation"]

1. d4 d5 2. Nf3 e5 3. dxe5 Nc6 4.
Bf4 Bg4 5. e3 Bc5 6. Bb5 Qe7 7.
Nbd2 g5 8. Bxg5 Qe6 9. O-O Nh6 10.
Bf4 Rg8 11. c4 O-O-O 12. Qb3 Nf5 13. cxd5 Qg6 14. dxc6 Bxf3 15. cxb7+ Bxb7 16. Bg3 Rxd2 17. Qc3 Nxg3 18. hxg3 Qxg3 19. fxg3 Rxg2+ 20. Kh1 Rc2+ 21. e4 Rxc3 22. bxc3 Rxg3 23. Rxf7 Bxe4+ 24. Kh2 Rg2+ 25. Kh3 Rg6 26. Rxh7 Rb6 27. Bd7+ Kb7 28. Rh4 Bd5 29. e6 Be7 30. Rd4 Bxe6+ 31. Bxe6 Rxe6 32. Rb1+ Kc8 33. Rg1 Bc5 34. Rg5 Bxd4 35. cxd4 Re3+ 36. Kg4 Re4+ 0-1

[Event "Live Chess"]
[Site "Chess.com"]
[Date "2023.05.21"]
[Round "-"]
[White "YrrriKharkiv"]
[Black "OSmith06"]
[Result "1-0"]
[WhiteElo "2057"]
[BlackElo "1620"]
[TimeControl "300"]
[EndTime "1:46:18 PDT"]
[Termination "YrrriKharkiv won by resignation"]

1. d4 Nf6 2. Nf3 e6 3. c4 d5 4. Nc3 c5 5. cxd5 exd5 6. g3 Nc6 7. Bg2 cxd4 8. Nxd4 Nxd4 9. Qxd4 Be6 10. O-O Qc7 11. Bf4 Bd6 12. Nb5 1-0

[Event "Live Chess"]
[Site "Chess.com"]
[Date "2023.05.21"]
[Round "-"]
[White "Denz14"]
[Black "Hacker_2009"]
[Result "1/2-1/2"]
[WhiteElo "1046"]
[BlackElo "1908"]
[TimeControl "300"]
[EndTime "1:46:20 PDT"]
[Termination "Game drawn by repetition"]

1. e4 c5 2. Nf3 d6 3. d4 cxd4 4. Nxd4 Nf6 5. Nc3 a6 6. Bg5 e6 7. Bxf6 Qxf6 8. Qf3 Qxf3 9. Nxf3 Be7 10. O-O-O O-O 11.
e5 dxe5 12. Nxe5 Bf6 13. f4 b5 14. Ne4 Be7 15. g3 Bb7 16. Bg2 Nc6 17. Nc3 Rac8 18. Rd7 Ba8 19. Nxc6 Bxc6 20. Bxc6 Rxc6 21. Rxe7 Rd8 22.
Rd1 Rdc8 23. Rdd7 b4 24. Rxf7 bxc3 25. Rxg7+ Kf8 26. b3 e5 27. Rxh7 Kg8 28. Rhg7+ Kh8 29. Rh7+ Kg8 30. Rdg7+ Kf8 31. Rd7 Kg8 1/2-1/2

[Event "Live Chess"]
[Site "Chess.com"]
[Date "2023.05.21"]
[Round "-"]
[White "SupremeTactician"]
[Black "Leonid_Starozhilov"]
[Result "1/2-1/2"]
[WhiteElo "2286"]
[BlackElo "2655"]
[TimeControl "300"]
[EndTime "1:47:08 PDT"]
[Termination "Game drawn by agreement"]

1. e4 g6 2. d4 Bg7 3. Be3 c5 4. c3 Qb6 5. b3 cxd4 6. Bxd4 Bxd4 7. Qxd4 Nf6 8. Bd3 Nc6 9. Qxb6 axb6 10. Nf3 d6 11. Nbd2 Be6 12. O-O O-O 13. Nd4 Rfc8 14.
Nxe6 fxe6 15. Nc4 Ra6 16. Ne3 Ra5 17. Nc4 Ra6 18. Ne3 Raa8 19. Nc4 Ne5 20. Nxe5 dxe5 21.
Bc4 Kf7 22. f3 b5 23. Bxb5 Rxc3 24. Bc4 Nd7 25. Rac1 Rxc1 26. Rxc1 Rxa2 27. Bb5 Nf6 28. Rc7 Rb2 29. Rxb7 Nh5 30. g3 Nf6 31. Bc4 Rb1+ 32. Kf2 Rb2+ 33. Kg1 Rd2 34. g4 h5 35. g5 Ne8 36. h4 Nd6 37. Rb8 Rc2 38. Rh8 Nxc4 39.
bxc4 Rxc4 40. Kf2 Rc2+ 41. Kg3 Ra2 42. Rc8 Rd2 43. Rb8 Rc2 44. Rd8 1/2-1/2

[Event "Live Chess"]
[Site "Chess.com"]
[Date "2023.05.21"]
[Round "-"]
[White "ms_lilley"]
[Black "whitedjohn"]
[Result "0-1"]
[WhiteElo "598"]
[BlackElo "1642"]
[TimeControl "300"]
[EndTime "1:47:08 PDT"]
[Termination "whitedjohn won by checkmate"]

1. d4 Nf6 2. e3 d5 3. h3 c5 4. c3 cxd4 5. cxd4 Nc6 6. a3 Bf5 7. b4 e6 8. Bb2 a6 9. Nd2 Be7 10.
Ngf3 O-O 11. Ne5 Nxe5 12. dxe5 Ne4 13. Nxe4 Bxe4 14. f3 Bg6 15. Bd3 Qb6 16. O-O Qxe3+ 17. Kh1 Qxd3 18. Qxd3 Bxd3 19. Rfe1 Rac8 20. a4 Rc2 21. Bd4 Rfc8 22. a5 Bxb4 23. Re3 Bd2 24. Rxd3 Bc3 25. Rg1 Bxd4 26. Rxd4 Ra2 27. Rb4 Rc7 28.
Rgb1 Rxa5 29. Rxb7 Rxb7 30. Rxb7 g6 31. Rb8+ Kg7 32. g4 d4 33. Kg2 Rxe5 34. Rd8 Rd5 35. Ra8 d3 36. Kf1 d2 37. Ke2 d1=Q+ 38. Kf2 Rd2+ 39. Kg3 Qe1+ 40. Kf4 Rd4+ 41. Kg5 h6# 0-1

[Event "Live Chess"]
[Site "Chess.com"]
[Date "2023.05.21"]
[Round "-"]
[White "smashu34"]
[Black "rasrae1364"]
[Result "0-1"]
[WhiteElo "345"]
[BlackElo "1730"]
[TimeControl "300"]
[EndTime "1:47:13 PDT"]
[Termination "rasrae1364 won on time"]

1. e4 d5 2. exd5 Qxd5 3. c4 Qf5 4. Qf3 Nc6 5. Nc3 Nd4 6. Qe3 Nc2+ 7. Ke2 e5 8. Qd3 Qxd3+ 9. Kxd3 Bf5+ 10. Ke2 Nxa1 11. b3 O-O-O 12. Nf3 f6 13. g3 Nc2 14. Nh4 Bg4+ 15. f3 Be6 16. Kd1 Ne3+ 17. Ke2 Nxf1 18. Rxf1 Ne7 19. f4 Nc6 20. fxe5 Bg4+ 21. Ke3 Bc5+ 22. Kf4 Nxe5 23. Nf5 g5+ 24. Ke4 Rhe8 25. Ng7 Nf3+ 26. Nxe8 Rxe8+ 27. Kd5 c6+ 28. Kxc5 Re5+ 29.
Kd6 b6 30. Kxc6 Re6+ 31. Kd5 Kd7 32. d4 Rd6+ 33. Ke4 f5+ 34. Ke3 Re6+ 35. Kf2 Nxd4 36. Bxg5 Re2+ 0-1

[Event "Live Chess"]
[Site "Chess.com"]
[Date "2023.05.21"]
[Round "-"]
[White "Biranidun"]
[Black "KeithArkell"]
[Result "1-0"]
[WhiteElo "2546"]
[BlackElo "2508"]
[TimeControl "300"]
[EndTime "1:47:14 PDT"]
[Termination "Biranidun won on time"]

1. e4 c6 2. d4 d5 3. e5 c5 4. dxc5 Nc6 5. f4 e6 6. Be3 d4 7.
Bf2 Bxc5 8. Nd2 Nge7 9. a3 Nd5 10.
Qg4 O-O 11. Bd3 f5 12. Qf3 a5 13. Ne2 b6 14. g4 Ba6 15. gxf5 Bxd3 16. cxd3 Rxf5 17.
Qg4 Qf8 18. Ne4 Rc8 19. Rg1 g6 20. h4 Kh8 21. Rc1 Nxf4 22. Nxf4 Nxe5 23. Qh3 Rxf4 24. Rg3 Nxd3+ 25. Rxd3 Rxe4+ 26. Kf1 Rf4 27. Rc2 e5 28. b4 axb4 29. axb4 e4 30. Rxd4 Rf3 31. Qe6 e3 32. Qe5+ Qg7 33. Qxg7+ Kxg7 34. bxc5 bxc5 35. Rdc4 Rxf2+ 36. Rxf2 exf2 37. Kxf2 Rf8+ 38. Kg3 Rf5 39. Kg4 Kh6 40. Rc1 Rd5 41. Kg3 Rd3+ 42. Kg4 Rd4+ 43. Kg3 c4 44. Rc2 Kh5 45. Rh2 Rg4+ 46. Kf3 Rxh4 47.
Rd2 c3 48. Rd5+ g5 49. Rc5 Rh2 50. Kg3 Rd2 51. Rc7 h6 52. Rc6 Rd3+ 53. Kf2 Kg4 54. Ke2 Rd2+ 55. Ke3 Rc2 56. Rc4+ Kg3 57. Kd3 g4 58.
Kxc2 h5 59. Rxc3+ 1-0

[Event "Live Chess"]
[Site "Chess.com"]
[Date "2023.05.21"]
[Round "-"]
[White "Mugzwang"]
[Black "jagbama"]
[Result "1-0"]
[WhiteElo "1557"]
[BlackElo "1164"]
[TimeControl "300"]
[EndTime "1:47:25 PDT"]
[Termination "Mugzwang won on time"]

1. Nf3 Nc6 2. d4 d5 3. g3 Bg4 4. Bg2 f6 5. O-O h5 6. h3 Bxf3 7. Bxf3 h4 8. g4 e6 9. Qd3 Nge7 10. g5 fxg5 11. Bxg5 Qd7 12. Nc3 Kd8 13. Bg4 Qd6 14. Qe3 Nb4 15. Qxe6 Qxe6 16. Bxe6 Nxc2 17. Rad1 g6 18. Nxd5 Rh7 19. Nf6 Rh5 20. Nxh5 gxh5 21. d5 Ke8 22. Bxh4 Nf5 23. Bxf5 Bd6 24. Bxc2 Kd7 25.
Bf5+ Ke8 26. e4 Kf7 27. Be6+ Kg6 28. f4 Re8 29. f5+ Kh6 30. Rd2 c6 31. Rg2 Re7 32. Rg6+ Kh7 33. Rf2 Bc5 34. Bxe7 Bxf2+ 35. Kxf2 h4 36.
Rg5 cxd5 37. exd5 1-0

[Event "Live Chess"]
[Site "Chess.com"]
[Date "2023.05.21"]
[Round "-"]
[White "Woodpusher500"]
[Black "stevochess11"]
[Result "0-1"]
[WhiteElo "1045"]
[BlackElo "1739"]
[TimeControl "300"]
[EndTime "1:47:26 PDT"]
[Termination "stevochess11 won by resignation"]

1. e4 c5 2. Nf3 g6 3. d4 cxd4 4.
Nxd4 Nc6 5. Be3 Bg7 6. c3 Nf6 7. f3 d5 8. Qd3 dxe4 9. fxe4 Ng4 10. Be2 Nce5 11. Qd2 O-O 12. h3 Nxe3 13. Qxe3 Qb6 14. b3 Bd7 15. O-O Rac8 16. Qd2 Nc6 17. Na3 Nxd4 18. Qxd4 Qxd4+ 19. cxd4 Bxd4+ 20. Kh1 Bxa1 21. Rxa1 Rc3 22. Rd1 Bc6 23. Bd3 Rd8 24. Be2 Rxd1+ 25. Bxd1 Bxe4 0-1

[Event "Live Chess"]
[Site "Chess.com"]
[Date "2023.05.21"]
[Round "-"]
[White "HoarseyHorsey"]
[Black "WelshTiger"]
[Result "0-1"]
[WhiteElo "1467"]
[BlackElo "2349"]
[TimeControl "300"]
[EndTime "1:47:42 PDT"]
[Termination "WelshTiger won by resignation"]

1. d4 Nf6 2. c4 c5 3. d5 e6 4.
Nc3 exd5 5. cxd5 d6 6. Nf3 g6 7. Nd2 Bg7 8. e4 O-O 9. Be2 Ne8 10. O-O f5 11. f3 f4 12. Ndb1 a6 13. a4 Nd7 14. Nd2 Ne5 15. Nc4 Rb8 16. Bd2 Qh4 17. Qb3 Nxc4 18. Bxc4 Nc7 19. Rae1 Be5 20. Re2 g5 21.
Nd1 b5 22. axb5 axb5 23. Bxb5 Rxb5 24. Qd3 Ba6 25. Nc3 Rb6 26. Qc2 Bxe2 0-1

[Event "Live Chess"]
[Site "Chess.com"]
[Date "2023.05.21"]
[Round "-"]
[White "ProfPoisson"]
[Black "Argrath"]
[Result "0-1"]
[WhiteElo "1204"]
[BlackElo "1482"]
[TimeControl "300"]
[EndTime "1:47:50 PDT"]
[Termination "Argrath won by resignation"]

1. e4 c6 2. d4 d5 3. exd5 cxd5 4. c4 Nf6 5. Nc3 Nc6 6. Bg5 Be6 7. Nf3 g6 8. Bxf6 exf6 9. Bd3 dxc4 10. d5 Bxd5 11. Qe2+ Be7 12. Bxc4 Bxc4 13. Qxc4 O-O 14. O-O Ne5 15.
Nxe5 fxe5 16. Rad1 Qc8 17. Qe4 Re8 18. h4 Bf8 19. h5 Qc6 20. hxg6 hxg6 21. Qg4 Rad8 22.
Ne4 Bg7 23. Rc1 Qb6 24. b3 Rd4 25. Rfd1 f5 26. Qe2 Rxe4 27. Qf3 Rd8 28. Rxd8+ Qxd8 29. Qc3 Rd4 30. Qc8 Qxc8 31. Rxc8+ Kf7 0-1

[Event "Live Chess"]
[Site "Chess.com"]
[Date "2023.05.21"]
[Round "-"]
[White "Richardallis"]
[Black "Mikhail_Golubev"]
[Result "1-0"]
[WhiteElo "1886"]
[BlackElo "2466"]
[TimeControl "300"]
[EndTime "1:48:01 PDT"]
[Termination "Richardallis won on time"]

1. d4 Na6 2. Nf3 c6 3. Bf4 g6 4. c3 Bg7 5. Nbd2 Nf6 6. e4 O-O 7.
Bd3 d5 8. e5 Nh5 9. Bg3 f6 10.
Qe2 Bg4 11. h3 Nxg3 12. fxg3 Bd7 13. O-O Nc7 14. Rae1 Ne6 15. b4 f5 16. Nh2 Bh6 17.
Ndf3 a5 18. a3 axb4 19. axb4 Ra3 20. Qb2 Ra7 21. Ra1 Rxa1 22. Rxa1 Be3+ 23. Kh1 Ng7 24. Qe2 Bh6 25. g4 fxg4 26. Nxg4 Bxg4 27. hxg4 Ne6 28. Qc2 Qe8 29. Ra7 b5 30. Ra6 Bf4 31. Bxb5 cxb5 32. Rxe6 Qc8 33. Rxg6+ hxg6 34. Qxg6+ Kh8 35.
Qh5+ Kg7 36. Nh4 Rh8 37. Qg6+ Kf8 38. g3 Qe8 39. Qf5+ Qf7 40. Kg2 Qxf5 41. gxf5 Bd2 42. Ng6+ Kg8 43. Nxe7+ Kf7 44. Nxd5 Rd8 45. e6+ Ke8 46.
Nc7+ Ke7 47. Nxb5 Rd5 48. c4 Rxf5 49. d5 Bxb4 50. Nd4 Rg5 51. Nc6+ Kd6 52. Nxb4 Rxg3+ 53. Kxg3 1-0

[Event "Live Chess"]
[Site "Chess.com"]
[Date "2023.05.21"]
[Round "-"]
[White "JohanKjeldahl"]
[Black "chessfiction"]
[Result "0-1"]
[WhiteElo "1903"]
[BlackElo "2331"]
[TimeControl "300"]
[EndTime "1:48:08 PDT"]
[Termination "chessfiction won by resignation"]

1. c4 d5 2. cxd5 c6 3. dxc6 e5 4. cxb7 Bxb7 5. Nc3 Bc5 6. e3 Nf6 7. Nf3 e4 8. Ng5 O-O 9. Be2 h6 10. Nh3 Nc6 11. O-O Ne5 12. a3 Qd7 13. b4 Bd6 14. d4 exd3 15. Bxd3 Nxd3 16. Qxd3 Bxh2+ 0-1

[Event "Live Chess"]
[Site "Chess.com"]
[Date "2023.05.21"]
[Round "-"]
[White "siddu198"]
[Black "Doge_Dandolo"]
[Result "0-1"]
[WhiteElo "1608"]
[BlackElo "1886"]
[TimeControl "300"]
[EndTime "1:48:15 PDT"]
[Termination "Doge_Dandolo won by resignation"]

1. b3 Nf6 2. e4 Nxe4 3. d4 d5 4. Bd3 Bf5 5. f3 Nd6 6. Bxf5 Nxf5 7. Qd3 g6 8. g4 Nd6 9. Nc3 c6 10. Bb2 Bg7 11. O-O-O a5 12. Nh3 b5 13. Ng5 a4 14. bxa4 bxa4 15. a3 Nc4 16. Rhe1 Qb6 17. Ba1 Ra7 18. Re2 Na6 19. Rde1 e6 20. Nxe6 fxe6 21. Rxe6+ Kf8 22. Nxa4 Qd8 23. Rxc6 Bh6+ 24. Kd1 Kg7 25. h4 Re8 26. Rce6 Rxe6 27. Rxe6 Kg8 28. g5 Bg7 29. Qe2 Nc7 30. Nc5 Rxa3 31.
Qd3 Rxd3+ 32. Ke2 0-1

[Event "Live Chess"]
[Site "Chess.com"]
[Date "2023.05.21"]
[Round "-"]
[White "Tushinskiy"]
[Black "JanMur7"]
[Result "1-0"]
[WhiteElo "2185"]
[BlackElo "1967"]
[TimeControl "300"]
[EndTime "1:48:26 PDT"]
[Termination "Tushinskiy won by resignation"]

1. d4 Nf6 2. c3 c5 3. Nf3 cxd4 4. cxd4 d5 5. Nc3 Nc6 6. Bf4 Bf5 7. e3 e6 8. Bd3 Ne4 9. Bxe4 Bxe4 10. Nxe4 dxe4 11. Nd2 Qd5 12. O-O h5 13. h3 Rd8 14. Qc2 e5 15. Bh2 exd4 16. exd4 Nxd4 17. Qa4+ Nc6 18. Nxe4 Be7 19.
Rad1 Qa5 20. Rxd8+ Kxd8 21. Rd1+ Kc8 22. Qc4 Qf5 23. a3 Rd8 24. Rxd8+ Kxd8 25. b4 Qd7 26. Bf4 Qd4 27. Qe2 Qa1+ 28. Kh2 Qxa3 29. b5 Nd4 30.
Qxh5 Qb3 31. Qh8+ Kd7 32. Qxg7 Ne6 33. Qxf7 Qxb5 34. Nf6+ 1-0

[Event "Live Chess"]
[Site "Chess.com"]
[Date "2023.05.21"]
[Round "-"]
[White "elephantgerrald"]
[Black "RamsayFlayer"]
[Result "0-1"]
[WhiteElo "706"]
[BlackElo "1967"]
[TimeControl "300"]
[EndTime "1:48:33 PDT"]
[Termination "RamsayFlayer won by checkmate"]

1. e4 e5 2. Nf3 Nc6 3. Bb5 a6 4. Bxc6 dxc6 5. Nxe5 Qd4 6. Nxf7 Qxe4+ 7. Qe2 Qxe2+ 8.
Kxe2 Kxf7 9. Re1 Nf6 10. Kf1 Bc5 11. c3 Re8 12. d4 Rxe1+ 13. Kxe1 Bd6 14. Be3 Bf5 15.
Nd2 Ng4 16. h3 Nxe3 17. fxe3 Re8 18. Ke2 Bf4 19. Nc4 b5 20. Kf3 Bh6 21. Nd2 Rxe3+ 22.
Kf2 Bd3 23. Kg1 Re2 24. Nf3 Be3+ 25. Kh2 Be4 26. Ne5+ Ke6 27. Rf1 Rxg2+ 28. Kh1 Rxb2+ 29. Nf3 Rxa2 30. Re1 Bxf3# 0-1

[Event "Live Chess"]
[Site "Chess.com"]
[Date "2023.05.21"]
[Round "-"]
[White "EPotapov05"]
[Black "domrobson"]
[Result "1-0"]
[WhiteElo "1448"]
[BlackElo "1732"]
[TimeControl "300"]
[EndTime "1:48:33 PDT"]
[Termination "EPotapov05 won by resignation"]

1. d4 Nf6 2. c4 e6 3. Nc3 d5 4. cxd5 Nxd5 5. e4 Nxc3 6. bxc3 c5 7.
Nf3 Qa5 8. Bd2 cxd4 9. cxd4 Bb4 10. Bxb4 Qxb4+ 11. Qd2 Nc6 12. Qxb4 Nxb4 13. Bb5+ Bd7 14. Bxd7+ Kxd7 15. Rb1 Nxa2 16. Rxb7+ Kc6 17. Rxf7 a5 18. Ne5+ Kb5 19. O-O Nb4 20. Rb1 Rhc8 21. Rxg7 a4 22. Rb7+ 1-0

[Event "Live Chess"]
[Site "Chess.com"]
[Date "2023.05.21"]
[Round "-"]
[White "HadesLearmonth"]
[Black "OceanFloater"]
[Result "0-1"]
[WhiteElo "1210"]
[BlackElo "1026"]
[TimeControl "300"]
[EndTime "1:48:37 PDT"]
[Termination "OceanFloater won by checkmate"]

1. e4 c6 2. d4 d5 3. e5 Bf5 4.
Nf3 e6 5. Bd3 Bxd3 6. Qxd3 Ne7 7.
O-O Ng6 8. Nc3 c5 9. Bg5 Qb6 10. b3 cxd4 11. Nxd4 Nxe5 12. Qg3 Qxd4 13. Be3 Qxc3 14. Rfd1 Nbc6 15. Rab1 Bd6 16. Bf4 Qxg3 17. Bxg3 O-O 18. Re1 f6 19. c4 Rae8 20. cxd5 exd5 21. a4 Nd4 22. Red1 Ne2+ 23. Kf1 Nxg3+ 24. hxg3 Ng6 25.
b4 Re5 26. f4 Re4 27. Kf2 Bxb4 28. Kf3 Rc4 29. Rxd5 Rc3+ 30. Ke2 Re8+ 31. Kf1 Rxg3 32.
Rxb4 b6 33. f5 Ne7 34. Rd7 Nc6 35. Rb2 Ra3 36. Rc2 Ra1+ 37. Kf2 Nb4 38. Rcd2 Nc6 39. Kf3 Rxa4 40. g4 Ne5+ 41. Kg3 Nxd7 42. Rxd7 g5 43. Rc7 Re3+ 44. Kf2 Rb3 45. Rc8+ Kf7 46. Rc7+ Kg8 47. Rc8+ Kg7 48. Rc7+ Kh6 49. Rc2 Rxg4 50.
Rc1 a5 51. Rh1+ Kg7 52. Rd1 a4 53. Rd7+ Kh6 54. Rd1 a3 55. Rh1+ Kg7 56. Rc1 a2 57. Ke2 Ra4 58. Kd1 a1=Q 59. Rxa1 Rxa1+ 60. Kc2 Rf3 61.
Kb2 Rh1 62. Kc2 Rh2+ 63. Kd1 Rf1# 0-1

[Event "Live Chess"]
[Site "Chess.com"]
[Date "2023.05.21"]
[Round "-"]
[White "Leonid_Starozhilov"]
[Black "whitedjohn"]
[Result "1-0"]
[WhiteElo "2655"]
[BlackElo "1642"]
[TimeControl "300"]
[EndTime "1:48:47 PDT"]
[Termination "Leonid_Starozhilov won by resignation"]

1. b3 e5 2. Bb2 Nc6 3. e3 g6 4.
Bb5 Bg7 5. Nf3 d6 6. d4 exd4 7.
Nxd4 Bd7 8. Nxc6 Bxb2 9. Nxd8 Bxb5 10. Nxf7 Kxf7 11. Qd5+ 1-0

[Event "Live Chess"]
[Site "Chess.com"]
[Date "2023.05.21"]
[Round "-"]
[White "Reggie016"]
[Black "SteveValentine83"]
[Result "0-1"]
[WhiteElo "1065"]
[BlackElo "1533"]
[TimeControl "300"]
[EndTime "1:48:50 PDT"]
[Termination "SteveValentine83 won by resignation"]

1. e4 d5 2. exd5 Nf6 3. d4 Bg4 4. Bb5+ c6 5. Be2 Bxe2 6. Nxe2 cxd5 7. Nbc3 e6 8. O-O Nc6 9. Re1 a6 10. Bg5 Be7 11. Nf4 O-O 12. Qe2 h6 13. Bxf6 Bxf6 14. Rad1 Nxd4 15. Qd2 Nc6 16. Nh5 Re8 17. Qf4 Bxc3 18.
bxc3 Qg5 19. Qxg5 hxg5 20. Re3 Rad8 21. Rg3 f6 22. f4 Kh7 23. fxg5 fxg5 24. h4 Rf8 25.
Rxg5 Rd7 26. Rf1 Rdf7 27. Rxf7 Rxf7 28. g3 e5 29. Kg2 g6 0-1

[Event "Live Chess"]
[Site "Chess.com"]
[Date "2023.05.21"]
[Round "-"]
[White "RoaringKnights"]
[Black "Ferrarifan27"]
[Result "0-1"]
[WhiteElo "1036"]
[BlackElo "2094"]
[TimeControl "300"]
[EndTime "1:49:07 PDT"]
[Termination "Ferrarifan27 won by checkmate"]

1. e4 e5 2. Nf3 Nc6 3. Bc4 Nd4 4.
Nxd4 exd4 5. Qh5 Qf6 6. O-O d6 7. d3 g6 8. Qb5+ c6 9. Qb3 Bg7 10. Nd2 Ne7 11. Nf3 h6 12. Bd2 O-O 13. c3 c5 14.
cxd4 cxd4 15. Bb4 Nc6 16. Bd2 Bg4 17. Qd1 Ne5 18. Bd5 Nxf3+ 19. gxf3 Bxf3 20. Qe1 Qh4 21. Bxb7 Qg4# 0-1

[Event "Live Chess"]
[Site "Chess.com"]
[Date "2023.05.21"]
[Round "-"]
[White "elizaveta_frundina"]
[Black "JoshMcK"]
[Result "1-0"]
[WhiteElo "1573"]
[BlackElo "1522"]
[TimeControl "300"]
[EndTime "1:49:17 PDT"]
[Termination "elizaveta_frundina won by resignation"]

1. e4 c6 2. d4 d5 3. e5 c5 4. c3 Nc6 5. Nf3 cxd4 6. cxd4 Bg4 7. Bb5 Bxf3 8. Qxf3 e6 9. Nc3 a6 10. Bxc6+ bxc6 11. O-O Ne7 12. Bg5 Qb6 13. Rfd1 Nf5 14. Na4 Qa7 15. Be3 Be7 16. Rac1 Rc8 17. Nc5 Nxe3 18. fxe3 Bxc5 19. Rxc5 O-O 20. Rdc1 Qb6 21. Qe2 Rc7 22. Qc2 Rfc8 23. a3 g6 24. b4 Kg7 25. Qf2 Qb7 26. Qf6+ Kg8 27. h4 h5 28. g4 hxg4 29. h5 gxh5 30. Kg2 Re7 31. Rh1 Qd7 32. Rxh5 1-0

[Event "Live Chess"]
[Site "Chess.com"]
[Date "2023.05.21"]
[Round "-"]
[White "fretle"]
[Black "Larchikov"]
[Result "0-1"]
[WhiteElo "1802"]
[BlackElo "2066"]
[TimeControl "300"]
[EndTime "1:49:24 PDT"]
[Termination "Larchikov won by resignation"]

1. f4 d5 2. Nf3 Nf6 3. e3 c5 4.
b3 Nc6 5. Bb5 e6 6. Bxc6+ bxc6 7. Bb2 Be7 8. O-O O-O 9. d3 Ba6 10. Nbd2 Rb8 11. c4 dxc4 12. dxc4 Qc7 13. Qc2 Rfd8 14. Ne5 Nd7 15. Ndf3 Bf6 16. Qe4 Nxe5 17. Nxe5 Rd6 18. Rf3 Rbd8 19. Raf1 Bb7 20. Ba3 Qa5 21. Bc1 Qxa2 22. Rh3 g6 23. Ng4 Bg7 24. Nh6+ Bxh6 25. Rxh6 Rd1 26. Qf3 Rxf1+ 27. Qxf1 Qc2 0-1

[Event "Live Chess"]
[Site "Chess.com"]
[Date "2023.05.21"]
[Round "-"]
[White "wadsy27"]
[Black "RichardABates"]
[Result "1-0"]
[WhiteElo "2569"]
[BlackElo "2129"]
[TimeControl "300"]
[EndTime "1:49:56 PDT"]
[Termination "wadsy27 won on time"]

1. d4 Nf6 2. c4 g6 3. g3 Bg7 4. Bg2 O-O 5. Nc3 d6 6. h3 e5 7. Nf3 Nbd7 8. e4 exd4 9. Nxd4 a6 10. O-O Re8 11. Re1 Rb8 12. a4 Nc5 13. Qc2 a5 14. Be3 h6 15. b3 Na6 16. f4 Nd7 17. Rab1 Ndc5 18. Qd2 Nb4 19. Kh2 c6 20. Bg1 h5 21. Nc2 Qe7 22. Bxc5 dxc5 23. e5 Bf5 24. Ne4 Rbd8 25. Qe2 h4 26. g4 Bxe4 27. Bxe4 g5 28. Nxb4 cxb4 29. Bc2 Rd4 30. fxg5 Qxg5 31. Rbd1 Rxe5 32. Qf2 Rxe1 33. Rxe1 Be5+ 34. Kh1 f6 35. Rd1 Rxd1+ 36. Bxd1 Qc1 37. Qe2 Qf4 38. Kg2 Qg3+ 39. Kf1 Bd4 40. Qg2 Qe3 41. Qf3 Qxf3+ 42. Bxf3 Kf7 43.
Bd1 Ke6 44. Ke2 1-0

[Event "Live Chess"]
[Site "Chess.com"]
[Date "2023.05.21"]
[Round "-"]
[White "YrrriKharkiv"]
[Black "Tiltador"]
[Result "1-0"]
[WhiteElo "2057"]
[BlackElo "859"]
[TimeControl "300"]
[EndTime "1:50:01 PDT"]
[Termination "YrrriKharkiv won by checkmate"]

1. d4 d5 2. c4 dxc4 3. e3 b5 4.
a4 c6 5. axb5 cxb5 6. Qf3 Nc6 7.
Qxc6+ Bd7 8. Qa6 Nf6 9. Nf3 e6 10. Bd2 Be7 11. Ne5 O-O 12. Nc3 Nd5 13. Nxd7 Qxd7 14.
Qxb5 Qxb5 15. Nxb5 Rfb8 16. Bxc4 a6 17. Bxd5 exd5 18.
Nc7 Ra7 19. Nxd5 Bf6 20. Nxf6+ gxf6 21. Bc3 Kg7 22. Ke2 Kg6 23. Ra5 f5 24. Rha1 h5 25. Rxa6+ Rxa6 26. Rxa6+ Kg5 27. f4+ Kg4 28. Ra7 f6 29. Rg7+ Kh4 30. Be1# 1-0